 Dungeon Crawl Stone Soup version 0.18.1-48-g4cf74bf (webtiles) character file.

6412 MistressOfTheDunes the Martial Artist (level 10, -11/80 HPs)
             Began as a Mummy Monk on July 18, 2016.
             Killed from afar by Galewind's ghost (22 damage)
             ... with an orb of energy
             ... on level 9 of the Dungeon.
             The game lasted 00:35:17 (19650 turns).

MistressOfTheDunes the Martial Artist (Mummy Monk) Turns: 19650, Time: 00:35:19

Health: -11/80     AC:  8    Str: 14    XL:     10   Next: 66%
Magic:  10/10      EV: 21    Int: 10    God:
Gold:   134        SH:  0    Dex: 22    Spells: 0 memorised, 9 levels left

rFire  . . .     SeeInvis +       - Unarmed
rCold  + . .     Gourm    .     (no armour)
rNeg   + + +     Faith    .     (no shield)
rPois  ∞         Spirit   .     g - +2 helmet {SInv}
rElec  .         Dismiss  .     d - +0 cloak
rCorr  .         Reflect  .     p - +1 pair of gloves
SustAt .         Harm     .     i - +0 pair of boots of Kuwow {rF+ Regen+ SInv, No more MuMo boots} (curse)
MR     +....                    c - amulet of rage
Stlth  ++........               k - +1 ring of protection
                                r - +4 ring of dexterity

@: somewhat resistant to hostile enchantments, unstealthy
A: no food or potions, fire vulnerability, cold resistance 1, negative energy
resistance 3, torment resistance, unbreathing
a: no special abilities


You were on level 9 of the Dungeon.
You were not hungry.

You visited 2 branches of the dungeon, and saw 10 of its levels.
You also visited: Sewer.

You collected 464 gold pieces.
You spent 330 gold pieces at shops.


Innate Abilities, Weirdness & Mutations

You do not eat or drink.
Your flesh is vulnerable to fire.
You are immune to poison.
Your flesh is cold resistant.
You are immune to negative energy.
You are immune to unholy pain and torment.
You can survive without breathing.


   Skills:
 - Level 8.0 Fighting
 + Level 9.0 Dodging
 - Level 1.5 Stealth
 - Level 9.4 Unarmed Combat


You had 9 spell levels left.
You didn't know any spells.

Inventory:

Armour
 b - the cursed +1 leather armour of Atheism {rC+ MR+ Dex+4, unknown}

   It affects your dexterity (+4).
   It protects you from cold.
   It affects your resistance to hostile enchantments.
   It has a curse placed upon it.
 d - a +0 cloak (worn)
 g - a +2 helmet of see invisible (worn)
 i - the cursed +0 pair of boots of Kuwow (worn) {rF+ Regen+ SInv, No more MuMo boots}

   It protects you from fire.
   It lets you see invisible.
   It increases your rate of regeneration.
   It has a curse placed upon it.
 p - a +1 pair of gloves (worn)
Jewellery
 c - an amulet of rage (around neck)
 h - an uncursed ring of resist corrosion
 k - a +1 ring of protection (right hand)
 r - a +4 ring of dexterity (left hand)
Scrolls
 a - a scroll of amnesia {unknown}
 e - a scroll of random uselessness
 f - 3 scrolls of fog
 j - a scroll of recharging {unknown}
 l - 3 scrolls of blinking
 m - a scroll of brand weapon {unknown}
 n - 2 scrolls of teleportation {@r4}
 o - 2 scrolls of immolation {!r}
 q - 2 scrolls of noise {unknown}

Dungeon Overview and Level Annotations

Branches:
Dungeon (9/15)             Temple (1/1) D:5
   Lair: D:8-11         Orc: D:9-12

Altars:
Ashenzari
Cheibriados
Dithmenos
Elyvilon
Fedhas
Gozag
Kikubaaqudgha
Makhleb
Nemelex Xobeh
Okawaru
Pakellas
Qazlal
Ru
Sif Muna
Trog
Vehumet
Yredelemnul
Zin
The Shining One

Shops:
D:4 !   D:7 *[:=(   D:8 [

Annotations:
D:5 ! cyka ugly thing
D:6 Rationalist's ghost, novice FoFi
D:7 exclusion: upstairs
D:8 Gastronok
D:9 Galewind's ghost, journeyman DECj
Temple PRANK'D

▒.▒▒
▒▒▒▒▒▒▒.........▒
.▒
................▒
................▒
........▒▒▒▒▒▒▒.▒
................▒
▒▒▒▒▒+▒..▒▒▒▒▒▒▒
▒..▒ ▒.*.▒
▒..▒▒▒...▒▒'▒▒
▒...M'W...£...
▒▒▒.▒▒........
...▒▒........
▒▒▒▒▒▒........
▒........
▒▒▒▒..... .....
.....


You could see a battlesphere and Galewind's ghost.


Message History

You closely miss Galewind's ghost!
Galewind's ghost is moderately damaged!
Galewind's ghost hits you but does no damage!
You miss Galewind's ghost! Your punch misses Galewind's ghost!
Galewind's ghost is moderately damaged!
Galewind's ghost completely misses you!
You closely miss Galewind's ghost!
Galewind's ghost is moderately damaged!
You squash Galewind's ghost like an ant!!!
Galewind's ghost is heavily damaged!
Galewind's ghost gestures wildly while chanting!
Galewind's ghost conjures a globe of magical energy!!!
A BATTLESPHERE comes into view!
You squash Galewind's ghost but do no damage!
You punch Galewind's ghost!
Galewind's ghost is heavily damaged!
Galewind's ghost whispers, "There is no future for you!"
Galewind's ghost hits you but does no damage!
You pummel Galewind's ghost like a punching bag!
Galewind's ghost is heavily damaged!
Galewind's ghost says, "I am proof that knowledge is power!"
Galewind's ghost gestures at you while chanting!
The orb of energy hits you!!! * * * don't die
* * * The orb of energy explodes!!!
The BATTLESPHERE fires!!!
The barrage of energy hits you!!! * * * don't die
* * * Galewind's ghost points at you and mumbles some strange words!
The orb of energy hits you!!! rip

Action                   |  1- 3 |  4- 6 |  7- 9 | 10-12 || total
-------------------------+-------+-------+-------+-------++-------
Melee: Unarmed           |   122 |   422 |   811 |   237 ||  1592
       Punch             |     3 |    11 |    38 |    13 ||    65
  Use: Scroll            |       |     4 |     5 |       ||     9
 Stab: Sleeping          |     2 |     6 |     1 |       ||     9
Armor: Skin              |       |    41 |   161 |    65 ||   267
Dodge: Dodged            |    86 |   280 |   553 |   220 ||  1139

Vault maps used:
D:1:      dpeg_arrival_solitude
D:2:      minitemple
D:3:      nicolae_overflow_crystal_walls, lemuel_doored_altar
D:4:      kennysheep_the_goblin_king, serial_shops, nicolae_shop_behind_doors,
          first_bread, uniq_robin
D:5:      kennysheep_mini, temple_green, gup_sewer_entry_pipe
D:6:      nicolae_overflow_hidden_temple, uniq_pikel, uniq_edmund,
          uniq_crazy_yiuf_cottage
D:7:      amethyst_overflow_temple_binary, serial_shops,
          nicolae_shop_statue_plus, shop_fountains, shop_statue, shop,
          shop_statue
D:8:      yredelemnul_forgotten_temple_becter, serial_shops, shop, uniq_erolcha,
          uniq_gastronok, uniq_joseph
D:9:      xom_butterflies, serial_shops, nicolae_shop_waterfront,
          hangedman_pestilent_swarm, st_stairs_14
Temple:   minmay_temple_bridge_b_8
Sewer:    sewer_fruit_machine

Notes
Turn   | Place    | Note
--------------------------------------------------------------
     0 | D:1      | MistressOfTheDunes the Mummy Monk began the quest for the Orb.
     0 | D:1      | Reached XP level 1. HP: 18/18 MP: 1/1
   284 | D:1      | Reached XP level 2. HP: 7/24 MP: 2/2
   657 | D:1      | Reached skill level 4 in Unarmed Combat
   833 | D:1      | Reached XP level 3. HP: 26/29 MP: 3/3
  2254 | D:2      | Found an iron altar of Okawaru.
  2263 | D:2      | Found a sparkling altar of Nemelex Xobeh.
  2264 | D:2      | Found a shadowy altar of Dithmenos.
  2267 | D:2      | Found a glowing silver altar of Zin.
  2434 | D:3      | Reached XP level 4. HP: 33/35 MP: 4/4
  2726 | D:3      | Found a sacrificial altar of Ru.
  2770 | D:3      | Reached skill level 5 in Unarmed Combat
  3634 | D:2      | Reached skill level 3 in Dodging
  3634 | D:2      | Reached XP level 5. HP: 37/41 MP: 5/5
  3715 | D:3      | Found a white marble altar of Elyvilon.
  4124 | D:4      | Noticed raikaria's ghost (amateur HuWr)
  4125 | D:4      | Noticed Robin
  4627 | D:4      | Killed Robin
  4670 | D:4      | Noticed an ogre
  4693 | D:4      | Noticed Ijyb
  4723 | D:4      | Killed Ijyb
  4723 | D:4      | Reached skill level 4 in Dodging
  4919 | D:4      | Found Xopiach's Distillery.
  5194 | D:4      | Reached XP level 6. HP: 38/47 MP: 6/6
  5355 | D:5      | Entered Level 5 of the Dungeon
  5370 | D:5      | Found a blossoming altar of Fedhas.
  6026 | D:5      | Found a glowing drain.
  6032 | Sewer    | Entered a sewer
  6033 | Sewer    | ha!
  6139 | Sewer    | Noticed Typee's ghost (amateur DECj)
  6454 | D:5      | Noticed a sky beast
  6475 | D:5      | Killed a sky beast
  6767 | D:5      | Found a staircase to the Ecumenical Temple.
  7071 | D:4      | Reached XP level 7. HP: 29/52 MP: 7/7
  7434 | D:5      | Reached skill level 6 in Unarmed Combat
  7449 | D:5      | Reached skill level 5 in Dodging
  8239 | Temple   | Entered the Ecumenical Temple
  8727 | D:6      | Reached skill level 6 in Dodging
  9035 | D:6      | Noticed Pikel
  9118 | D:6      | Found a snail-covered altar of Cheibriados.
  9123 | D:6      | Noticed Edmund
  9159 | D:6      | Got an obsidian-encrusted leather armour
  9238 | D:6      | Noticed Rationalist's ghost (novice FoFi)
  9638 | D:5      | Reached XP level 8. HP: 52/58 MP: 8/8
 10671 | D:6      | Reached skill level 7 in Unarmed Combat
 12040 | D:4      | Reached skill level 7 in Dodging
 12229 | D:6      | Noticed Crazy Yiuf
 12245 | D:6      | Killed Crazy Yiuf
 12802 | D:4      | Found Xopiach's Distillery.
 13070 | D:4      | Killed raikaria's ghost
 13070 | D:4      | Reached skill level 4 in Fighting
 13394 | D:4      | Reached skill level 5 in Fighting
 13548 | D:7      | Found Taeted's Jewellery Shop.
 13633 | D:7      | Reached XP level 9. HP: 51/68 MP: 9/9
 13797 | D:7      | Found Pyatut's General Store.
 13811 | D:7      | Found Pasaofit's Book Shoppe.
 13812 | D:7      | Bought a scroll of immolation for 35 gold pieces
 13923 | D:7      | Noticed Typee's ghost (novice OpCj)
 14670 | D:7      | Found a stormy altar of Qazlal.
 14679 | D:7      | Found a deep blue altar of Sif Muna.
 14810 | D:7      | Found Naxkox's Antique Weapon Emporium.
 14811 | D:7      | Found Ytucicirch's Antique Armour Shop.
 15933 | D:7      | Reached skill level 8 in Dodging
 16170 | D:8      | Noticed Joseph
 17197 | D:8      | Found Menop's Armour Shoppe.
 17201 | D:8      | Bought the cursed +0 pair of boots of Kuwow {rF+ Regen+ SInv} for 295 gold pieces
 17220 | D:8      | No more mumo
 17232 | D:8      | Noticed Gastronok
 17308 | D:7      | Killed Typee's ghost
 17308 | D:7      | Reached skill level 8 in Unarmed Combat
 17529 | D:5      | Killed Pikel
 17529 | D:5      | Reached skill level 9 in Unarmed Combat
 17750 | D:5      | Found a staircase to the Ecumenical Temple.
 17939 | D:5      | Found a blossoming altar of Fedhas.
 17992 | D:5      | Killed Edmund
 17992 | D:5      | Reached XP level 10. HP: 74/74 MP: 10/10
 18063 | D:5      | Noticed a cyan ugly thing
 18489 | D:8      | Found a basalt altar of Yredelemnul.
 18723 | D:8      | Reached skill level 9 in Dodging
 18839 | D:9      | HP: 6/74 [yak (5)]
 18846 | D:9      | I DIE FOR MY SINS
 19217 | D:8      | Reached skill level 6 in Fighting
 19238 | D:8      | Killed Joseph
 19242 | D:8      | Noticed Erolcha
 19346 | D:8      | Killed Erolcha
 19346 | D:8      | Reached skill level 7 in Fighting
 19587 | D:9      | Reached skill level 8 in Fighting
 19631 | D:9      | Noticed Galewind's ghost (journeyman DECj)
 19650 | D:9      | Killed from afar by Galewind's ghost

Vanquished Creatures
  Erolcha (D:8)
  The ghost of Typee the Conjurer, a novice OpCj of Sif Muna (D:7)
  Pikel (D:5)
  Joseph (D:8)
  A yak (D:8)
  The ghost of raikaria the Grasshopper, an amateur HuWr (D:4)
  2 hungry ghosts
  Edmund (D:5)
  2 ice beasts
  4 slaves
  An eye of draining (D:8)
  5 sky beasts
  2 black bears
  A phantom (D:6)
  8 ogres
  A centaur (D:7)
  A big kobold (D:7)
  3 giant frogs
  A scorpion (D:4)
  6 killer bees (D:8)
  A howler monkey (D:9)
  5 crimson imps
  A centaur zombie (D:5)
  A quasit (D:7)
  5 jellies
  3 orc priests
  2 giant frog skeletons (D:5)
  Crazy Yiuf (D:6)
  3 hounds
  An iguana (D:6)
  Ijyb (D:4)
  6 orc wizards
  4 worker ants
  A hound skeleton (D:7)
  Robin (D:4)
  A worker ant zombie (D:5)
  16 adders
  4 gnolls
  A howler monkey skeleton (D:5)
  4 shadow imps
  2 oozes
  2 adder skeletons
  3 dart slugs
  5 worms
  14 giant geckos
  22 orcs
  11 giant cockroaches
  21 goblins
  9 hobgoblins
  17 jackals
  5 quokkas
  A ball python (D:6)
  9 bats
  A giant gecko zombie (D:5)
  5 giant newts
  A jackal zombie (D:7)
  12 kobolds
  A quokka skeleton (D:5)
  9 rats
  A spectral orc (D:8)
  A fungus (D:6)
258 creatures vanquished.

Vanquished Creatures (others)
  A worker ant (D:7)
  A jackal (D:7)
2 creatures vanquished.

Grand Total: 260 creatures vanquished
